 Dungeon Crawl Stone Soup version 0.29-a0-870-g2c972031a6 (webtiles) character file.

Game seed: 8700893813976099205

1937 scionoferis the Chiller (level 8, -1/53 HPs)
             Began as a Demonspawn Ice Elementalist on July 17, 2022.
             Was an Initiate of Vehumet.
             Slain by a phantom (3 damage)
             ... on level 6 of the Dungeon.
             The game lasted 00:19:27 (7299 turns).

scionoferis the Chiller (DsIE)                      Turns: 7299, Time: 00:19:28

Health: -1/53      AC:  6    Str:  8    XL:     8   Next: 97%
Magic:  16/16      EV: 12    Int: 19    God:    Vehumet [......]
Gold:   371        SH:  0    Dex: 14    Spells: 8/18 levels left

rFire   . . .      SeeInvis .   a - +2 trident (vorpal)
rCold   + . .      Faith    .   (no shield)
rNeg    . . .      Spirit   .   n - +0 robe
rPois   .          Reflect  .   t - +0 helmet
rElec   .          Harm     .   p - +0 cloak
rCorr   .          Rampage  .   (gloves unavailable)
Will    .....                   w - +0 pair of boots
Stlth   +++.......              (no amulet)
HPRegen 0.17/turn               B - ring of wizardry
MPRegen 0.15/turn               F - ring of protection from cold

@: attractive
A: claws 3, rugged brown scales 1, demonic magic 1
a: Renounce Religion


You were on level 6 of the Dungeon.
You worshipped Vehumet.
Vehumet was noncommittal.
You visited 2 branches of the dungeon, and saw 7 of its levels.

You collected 371 gold pieces.

Inventory:

Hand Weapons
 a - a +2 vorpal trident (weapon)
 b - a +0 sling
 f - a +0 short sword
 g - a +0 dagger
 o - a +4 quarterstaff of chaos
 A - a +2 vampiric dagger
Missiles
 l - 33 stones (quivered)
 q - 11 poisoned darts
Armour
 n - a +0 robe (worn)
 p - a +0 cloak (worn)
 t - a +0 helmet (worn)
 w - a +0 pair of boots (worn)
Jewellery
 B - a ring of wizardry (left claw)
 F - a ring of protection from cold (right claw)
Wands
 v - a wand of roots (7)
 E - a wand of digging (6)
Scrolls
 d - 2 scrolls of amnesia
 e - 2 scrolls of enchant armour
 h - 6 scrolls of teleportation
 j - 5 scrolls of identify
 s - a scroll of vulnerability
 y - 3 scrolls of immolation
Potions
 c - a potion of attraction
 i - a potion of brilliance {unknown}
 k - 2 potions of might
 m - a potion of invisibility {unknown}
 r - 3 potions of magic
 x - a potion of resistance {unknown}
 z - a potion of curing {unknown}
 C - a potion of berserk rage {unknown}
 D - a potion of heal wounds {unknown}


   Skills:
 - Level 1.7 Dodging
 + Level 4.6 Stealth
 + Level 5.8 Spellcasting
 + Level 4.8 Conjurations
 + Level 7.7 Ice Magic


You had 8 spell levels left.
You knew the following spells:

 Your Spells              Type           Power      Damage    Failure   Level
b - Frozen Ramparts       Ice            70%        1d9       1%          3
c - Ozocubu's Armour      Ice            35%        N/A       1%          3
d - Hailstorm             Conj/Ice       29%        3d8       3%          4

Your spell library contained the following spells:

 Spells                   Type           Power      Damage    Failure   Level
 Freeze                   Ice            100%       1d11      1%          1


Dungeon Overview and Level Annotations

Branches:
Dungeon (6/15)             Temple (1/1) D:5

Altars:
Cheibriados
Fedhas
Hepliaklqana
Nemelex Xobeh
Sif Muna
Trog
Vehumet
Yredelemnul


Innate Abilities, Weirdness & Mutations

You have claws for hands.
You are partially covered in rugged brown scales. (AC +1, +3% HP)
Spells you cast may paralyse adjacent enemies.


Message History

The phantom is heavily damaged.
The phantom hits you.
The phantom blinks!
You blink.
An orc priest comes into view. It is wielding a +0 hand axe.
Found a stone staircase leading up.
You hit the phantom.
The phantom is severely damaged.
The orc priest shouts!
The orc shouts! x2
The phantom barely misses you.
The orc priest mumbles some strange prayers to Beogh against you.
Beogh smites you!
You barely miss the phantom.
The phantom is severely damaged.
The phantom misses you.
The orc priest looks encouraged for a moment.
The orc hits you with a +0 hand axe.
The orc priest invokes the aid of Beogh against you.
Beogh smites you!
* * * LOW HITPOINT WARNING * * *
The phantom hits you.
* * * LOW HITPOINT WARNING * * *
It was a potion of attraction.
You feel attractive to monsters. The orc completely misses you.
The orc barely misses you.
The phantom hits you but does no damage.
The orc priest is attracted toward you.
Blink to where?
Press: ? - help, Dir - move target, p - phantom
As you read the scroll of blinking, it crumbles to dust.
The phantom is attracted toward you. The orc is attracted toward you.
The orc priest is attracted toward you. The orc is attracted toward you.
The phantom is attracted toward you. The orc is attracted toward you.
The orc priest is attracted toward you. The orc is attracted toward you.
Found 2 stones.
The orc is attracted toward you. The orc priest is attracted toward you.
The orc is attracted toward you. The orc is attracted toward you.
There is an escape hatch in the ceiling here.
The orc hits you with a +0 hand axe.
* * * LOW HITPOINT WARNING * * *
The phantom hits you.
You die...

#.§..§.§§.........#....'.....'...
#....§.?..........#....#.....#...
#........o§§......#....#.....#...
......#######§....#+#####...###..
......# #.....# #######.. ......#
#.....# ........ ...<..# #...o.#
........ ......# #.oWo.# ....##..
#...@.# .... ### +.....# ...
#.....# .. #.....+ #....(#
##.##.# # .. ## ### ## ### # ...
..##.##.. # ...)........


You could see a phantom, an orc priest and 2 orcs.

Vanquished Creatures
  Grinder (D:3)
  Sigmund (D:3)
  A steam dragon (D:4)
  A water moccasin (D:5)
  2 ice beasts (D:6)
  A sky beast (D:6)
  A black bear (D:6)
  An ogre (D:6)
  A phantom (D:6)
  A bullfrog (D:6)
  A scorpion (D:6)
  2 howler monkeys
  4 hounds
  A gnoll bouda (D:5)
  An orc priest (D:5)
  4 jellies
  Crazy Yiuf (D:3)
  2 iguanas
  Terence (D:3)
  An orc wizard (D:5)
  7 adders
  3 gnolls (D:5)
  A white imp (D:5)
  3 worms
  3 dart slugs
  3 orcs
  4 bats
  2 endoplasms
  3 giant cockroaches
  10 goblins
  19 hobgoblins
  6 jackals
  5 quokkas
  7 ball pythons
  2 frilled lizards (D:1)
  6 kobolds
  4 rats
117 creatures vanquished.

Notes
Turn   | Place    | Note
-------+----------+-------------------------------------------
     0 | D:1      | scionoferis the Demonspawn Ice Elementalist began the quest
                  | for the Orb.
     0 | D:1      | Reached XP level 1. HP: 13/13 MP: 3/3
   375 | D:1      | Gained mutation: You have sharp fingernails. [demonic
                  | ancestry]
   375 | D:1      | Reached XP level 2. HP: 16/19 MP: 5/5
   591 | D:1      | Found a faded altar of an unknown god.
   797 | D:1      | Reached skill level 4 in Ice Magic
  1844 | D:2      | Gained mutation: Spells you cast may paralyse adjacent
                  | enemies. [demonic ancestry]
  1844 | D:2      | Reached XP level 3. HP: 20/24 MP: 2/6
  1848 | D:2      | Learned a level 3 spell: Frozen Ramparts
  2433 | D:2      | Learned a level 3 spell: Ozocubu's Armour
  2741 | D:3      | Reached XP level 4. HP: 30/30 MP: 6/8
  2919 | D:3      | Noticed Terence
  2984 | D:3      | Killed Terence
  3296 | D:3      | Noticed Sigmund
  3304 | D:3      | Killed Sigmund
  3305 | D:3      | Reached skill level 5 in Ice Magic
  3305 | D:3      | Gained mutation: You have very sharp fingernails. [demonic
                  | ancestry]
  3305 | D:3      | Reached XP level 5. HP: 35/35 MP: 2/10
  3380 | D:3      | Found a runed translucent door.
  3381 | D:3      | Noticed Crazy Yiuf
  3390 | D:3      | Killed Crazy Yiuf
  3391 | D:3      | Gained mutation: You are partially covered in rugged brown
                  | scales. (AC +1, +3% HP) [demonic ancestry]
  3391 | D:3      | Reached XP level 6. HP: 22/42 MP: 5/11
  3612 | D:3      | Noticed Grinder
  3625 | D:3      | Paralysed by Grinder for 4 turns
  3642 | D:3      | Killed Grinder
  3643 | D:3      | Reached skill level 6 in Ice Magic
  3648 | D:3      | Learned a level 4 spell: Hailstorm
  4008 | D:3      | Identified the +6 long sword "Sirph" {holy, Str+2}
  4301 | D:4      | Noticed a steam dragon
  4316 | D:4      | Killed a steam dragon
  4317 | D:4      | Reached skill level 1 in Conjurations
  4317 | D:4      | Gained mutation: You have claws for hands. [demonic
                  | ancestry]
  4317 | D:4      | Reached XP level 7. HP: 46/47 MP: 6/13
  5110 | D:5      | Entered Level 5 of the Dungeon
  5652 | D:5      | Reached skill level 7 in Ice Magic
  5652 | D:5      | Reached XP level 8. HP: 40/53 MP: 9/15
  5890 | D:5      | Found a staircase to the Ecumenical Temple.
  5900 | Temple   | Entered the Ecumenical Temple
  6055 | D:5      | Reached skill level 5 in Spellcasting
  6509 | D:6      | Found a shimmering blue altar of Sif Muna.
  7078 | D:6      | Found a radiant altar of Vehumet.
  7085 | D:6      | Became a worshipper of Vehumet
  7290 | D:6      | HP: 1/53 [phantom (6)]
  7299 | D:6      | HP: 2/53 [orc/+0 hand axe (1)]
  7299 | D:6      | Slain by a phantom

Illustrated notes

Levels and vault maps discovered:
D:1:      scummos_arrival_forest, layout_loops_ring,
          shapermc_ecumenical_altar_notcrosses
D:2:      layout_rooms, kennysheep_big_empty_room,
          ebering_dispersal_statue_hall, lemuel_another_geyser
D:3:      layout_loops_corners, uniq_crazy_yiuf_cottage, uniq_grinder,
          uniq_sigmund, uniq_terence
D:4:      cheibrodos_greedy_goblins, layout_cave_pools
D:5:      layout_basic, minmay_temple_entry_butterflies,
          dreamdust_mushroom_princess, eino_small_chamber_without_monster,
          hex_tiny
D:6:      layout_gridville, lemuel_doored_altar, nicolae_uskayaw_en_pointe,
          nicolae_vehumet_radiance, lemuel_round_altar, serial_shops,
          nicolae_shop_hallway_plus, minmay_joined_circles, uniq_menkaure
Temple:   hellmonk_temple_rainy

Skill      XL: |  1  2  3  4  5  6  7  8 |
---------------+-------------------------+-----
Ice Magic      | 4 5 6 7 |  7.7
Spellcasting   | 3 4 5 |  5.8
Stealth        | 2 3 4 |  4.6
Conjurations   | 1 3 4 |  4.8
Dodging        | |  1.7

Action                   |  1- 3 |  4- 6 |  7- 9 || total
-------------------------+-------+-------+-------++-------
Melee: Short sword       |    59 |    13 |       ||    72
       Mace              |     2 |       |       ||     2
       Punch             |     1 |     1 |     1 ||     3
       Trident           |       |    33 |   152 ||   185
 Fire: Sling             |       |     1 |       ||     1
Throw: Stone             |     7 |       |     6 ||    13
 Cast: Freeze            |    31 |     1 |       ||    32
       Frozen Ramparts   |     6 |     9 |    33 ||    48
       Ozocubu's Armour  |       |     4 |     9 ||    13
  Use: Scroll            |       |       |     7 ||     7
       Potion            |       |       |     1 ||     1
 Stab: Sleeping          |     6 |     1 |     3 ||    10
       Paralysed         |     1 |     8 |    10 ||    19
       Distracted        |       |       |     1 ||     1
Armor: Robe              |    11 |     9 |    44 ||    64
Dodge: Dodged            |    47 |    22 |    53 ||   122

Table legend: (Time is in decaauts)
 A = Elapsed time spent in this place.
 B = Non-inter-level travel time spent in this place.
 C = Inter-level travel time spent in this place.
 D = Time resting spent in this place.
 E = Time spent auto-exploring this place.
 F = Levels seen in this place.
 G = Mean time per level.
                   A        B        C        D        E       F      G
               +--------+--------+--------+--------+--------+-----+--------+
         Total |   7362 |   7192 |    170 |   1034 |   4783 |   7 | 1051.7 |
       Dungeon |   7334 |   7164 |    170 |   1034 |   4773 |   6 | 1222.3 |
        Temple |     27 |     27 |      0 |      0 |     10 |   1 |   27.0 |
               +--------+--------+--------+--------+--------+-----+--------+

Top non-repeatable levels by time:
     D:3: 1562 daAuts
     D:1: 1435 daAuts
     D:5: 1286 daAuts
     D:2: 1262 daAuts
     D:4: 910 daAuts
     D:6: 877 daAuts
  Temple: 27 daAuts
